 Dungeon Crawl Stone Soup version 0.29-a0-919-gd064cfad1c (webtiles) character file.

Game seed: 9047854075584513820

88 Spectrina the Magician (level 4, -3/31 HPs)
             Began as a Djinni Venom Mage on July 26, 2022.
             Slain by a gnoll
             ... wielding a +0 whip
             ... led by a gnoll bouda
              (5 damage)
             ... on level 4 of the Dungeon.
             The game lasted 00:04:31 (448 turns).

Spectrina the Magician (Djinni Venom Mage)           Turns: 448, Time: 00:04:31

Health: -3/31      AC:  2    Str:  7    XL:     4   Next: 82%
Gold:   53         EV: 12    Int: 18    God:
                   SH:  0    Dex: 14

rFire   + + .      SeeInvis .   h - +1 hand axe (vamp)
rCold   x . .      Faith    .   (no shield)
rNeg    . . .      Spirit   .   a - +0 robe
rPois   ∞          Reflect  .   (no helmet)
rElec   .          Harm     .   (no cloak)
rCorr   .          Rampage  .   (no gloves)
Will    .....                   (boots unavailable)
Stlth   ++........              (no amulet)
HPRegen 0.10/turn               (no ring)
MPRegen 0.00/turn               (no ring)

@: flying
A: sickness immunity, fire resistance 2, cold vulnerability 1, float, innate
caster, HP casting, extra vitality 1
a: no special abilities


You were on level 4 of the Dungeon.
You visited 1 branch of the dungeon, and saw 5 of its levels.

You collected 53 gold pieces.

Inventory:

Hand Weapons
 b - a +0 war axe
 h - a +1 vampiric hand axe (weapon)
 l - a +0 sling
Armour
 a - a +0 robe (worn)
 g - a +0 helmet
Scrolls
 c - a scroll of poison {unknown}
 d - a scroll of noise {unknown}
 j - a scroll of butterflies {unknown}
 k - a scroll of vulnerability {unknown}
 m - a scroll of identify {unknown}
Potions
 e - a potion of haste {unknown}
 f - a potion of mutation {unknown}
 i - a potion of cancellation {unknown}


   Skills:
 - Level 2.1 Dodging
 - Level 1.5 Stealth
 + Level 4.0 Spellcasting


You couldn't memorise any spells.
You knew the following spells:

 Your Spells              Type           Power      Damage    Failure   Level
a - Sting                 Tmut/Pois      72%        1d6       2%          1
b - Sandblast             Erth           36%        2d10      2%          1
c - Mephitic Cloud        Conj/Pois/Air  18%        N/A       9%          3
d - Olgreb's Toxic Radia  Pois           18%        N/A       26%         4
q - Poisonous Vapours     Pois/Air       36%        N/A       4%          2
Your spell library was empty.

Dungeon Overview and Level Annotations

Branches:
Dungeon (5/15)
 Temple: D:4-7

Altars:


Innate Abilities, Weirdness & Mutations

You are immune to sickness and miasma.
You are immune to poison.
Your flesh is very heat resistant. (rF++)
You are vulnerable to cold. (rC-)
You float through the air rather than walking.
You learn spells naturally, not from books.
Your magical power is your life essence.
You have superior vitality. (+4 MHP)


Message History

You hear a shout!
Aiming: Poisonous Vapours (safe; 4% risk of failure)
Press: ? - help, Q - select action, (/) - cycle Dir - move target, f/p - gnoll
Aim: a gnoll, wielding a +0 whip (poisoned) Poisonous vapours surround the gnoll!
The gnoll looks even sicker.
A gnoll bouda comes into view. It is wielding a +0 club.
Unknown command.
Aiming: Poisonous Vapours (safe; 4% risk of failure)
Press: ? - help, Q - select action, (/) - cycle Dir - move target, f - gnoll bouda, p - gnoll
Aim: a gnoll bouda, wielding a +0 club and wearing a +0 robe Poisonous vapours surround the gnoll bouda!
The gnoll bouda is poisoned.
Aiming: Poisonous Vapours (safe; 4% risk of failure)
Press: ? - help, Q - select action, (/) - cycle Dir - move target, f/p - gnoll bouda
Aim: a gnoll bouda, wielding a +0 club and wearing a +0 robe (lightly wounded, poisoned) Poisonous vapours surround the gnoll bouda!
The gnoll bouda looks even sicker.
* * * LOW HITPOINT WARNING * * *
Unknown command.
Aiming: Poisonous Vapours (safe; 4% risk of failure)
Press: ? - help, Q - select action, (/) - cycle Dir - move target, f/p - gnoll bouda
Aim: a gnoll bouda, wielding a +0 club and wearing a +0 robe (moderately wounded, very poisoned) Poisonous vapours surround the gnoll bouda!
The gnoll bouda looks as sick as possible!
* * * LOW HITPOINT WARNING * * *
The gnoll bouda calls upon its god to heal the gnoll.
The gnoll is healed somewhat.
Unknown command.
The gnoll attacks as you move away! The gnoll hits you with a +0 whip.
* * * LOW HITPOINT WARNING * * *
You hit the gnoll.
You feel better.
The gnoll is heavily wounded.
The gnoll hits you with a +0 whip.
* * * LOW HITPOINT WARNING * * *
Unknown command.
You hit the gnoll.
You feel better.
The gnoll is severely wounded.
The gnoll bouda calls upon its god to heal the gnoll.
The gnoll is healed somewhat.
The gnoll hits you with a +0 whip.
You die...

#..........# ##.###<#.##
#...#>###### #.# #
..#.....# #.### ....###.#
#... .[..###.####### #..#
..............#####..###
#...###..#.............#
##...##..#.##.#####..#
#.........##...@gg..#
##...##..##########$......
#.#.#.#..##### ###.##.
#.#.#.#......# #
#.#.#.#.####.# ##...##.#
#.# ##.###.# #.# #.# #.#
#.# ## #.# #.####.# ..


You could see a gnoll bouda (very poisoned) and a gnoll (very poisoned).

Vanquished Creatures
  A hound (D:4)
  An orc wizard (D:4)
  An adder (D:4)
  A gnoll (D:4)
  3 bats
  2 endoplasms (D:2)
  A giant cockroach (D:1)
  A goblin (D:4)
  3 hobgoblins
  A quokka (D:4)
  3 ball pythons
  A kobold (D:4)
  A rat (D:1)
20 creatures vanquished.

Notes
Turn   | Place    | Note
-------+----------+-------------------------------------------
     0 | D:1      | Spectrina the Djinni Venom Mage began the quest for the
                  | Orb.
     0 | D:1      | Spectrina set off with the following spells memorised:
                  | Sting, Poisonous Vapours, Mephitic Cloud, Olgreb's Toxic
                  | Radiance.
     0 | D:1      | Reached XP level 1. HP: 15/15 MP: 0/0
    77 | D:1      | Reached XP level 2. HP: 15/21 MP: 0/0
   157 | D:2      | Reached skill level 3 in Spellcasting
   307 | D:4      | Reached XP level 3. HP: 7/25 MP: 0/0
   307 | D:4      | Learned a level 1 spell: Sandblast
   332 | D:4      | Reached XP level 4. HP: 8/31 MP: 0/0
   352 | D:4      | Reached skill level 4 in Spellcasting
   357 | D:5      | Entered Level 5 of the Dungeon
   446 | D:4      | HP: 1/31 [gnoll/+0 whip[a gnoll bouda] (6)]
   448 | D:4      | Slain by a gnoll

Illustrated notes

Levels and vault maps discovered:
D:1:      nzn_arrival_depleted_hourglass, layout_rooms,
          dreamdust_ecumenical_altar_grove
D:2:      layout_basic
D:3:      layout_loops_ring, minmay_cupped
D:4:      layout_loops_ring
D:5:      layout_loops_cross, nicolae_wu_jian_immortal_techniques,
          gup_ossuary_entry_pyramid

Skill      XL: |  1  2  3  4 |
---------------+-------------+-----
Spellcasting   | 3 4 |  4.0
Dodging        | |  2.1
Stealth        | |  1.5

Action                   |  1- 3 |  4- 6 || total
-------------------------+-------+-------++-------
Melee: War axe           |     9 |       ||     9
       Hand axe          |     9 |    13 ||    22
 Cast: Sting             |    16 |     3 ||    19
       Poisonous Vapours |     5 |     5 ||    10
  Use: Potion            |     1 |       ||     1
Armor: Robe              |     5 |     2 ||     7
Dodge: Dodged            |    17 |     7 ||    24

Table legend: (Time is in decaauts)
 A = Elapsed time spent in this place.
 B = Non-inter-level travel time spent in this place.
 C = Inter-level travel time spent in this place.
 D = Time resting spent in this place.
 E = Time spent auto-exploring this place.
 F = Levels seen in this place.
 G = Mean time per level.
                   A        B        C        D        E       F      G
               +--------+--------+--------+--------+--------+-----+--------+
         Total |    457 |    457 |      0 |      0 |      0 |   5 |   91.4 |
       Dungeon |    457 |    457 |      0 |      0 |      0 |   5 |   91.4 |
               +--------+--------+--------+--------+--------+-----+--------+

Top non-repeatable levels by time:
     D:4: 235 daAuts
     D:1: 93 daAuts
     D:2: 79 daAuts
     D:3: 48 daAuts
     D:5: 1 daAuts
